 Dungeon Sprint DCSS version 0.29-a0-322-g68df515428 (webtiles) character file.

Game seed: 7881332553814259074

290920 mhtbhm the Skullcrusher (level 18, -54/180 HPs)
             Began as a Minotaur Berserker on Apr 9, 2022.
             Was the Champion of Trog.
             Killed from afar by an orb of fire (62 damage)
             ... with a fireball
             ... in the Dungeon (Sprint IX: "|||||||||||||||||||||||||||||").
             The game lasted 00:27:34 (10986 turns).

mhtbhm the Skullcrusher (Minotaur Berserker)       Turns: 10986, Time: 00:27:35

Health: -54/180    AC: 31    Str: 25    XL:     18   Next: 43%
Magic:  17/17      EV: 21    Int: 10    God:    Trog [******]
Gold:   414        SH: 33    Dex: 14    Spells: 17/17 levels left

rFire   . . .      SeeInvis .   A - +9 morningstar (freeze)
rCold   . . .      Faith    .   c - +3 tower shield {rPois}
rNeg    + + +      Spirit   .   b - +3 shadow dragon scales of Lethargy {rElec rCorr Stlth++++}
rPois   +          Reflect  +   m - +2 hood of the Assassin {Detection Stab+ Stlth++}
rElec   +          Harm     .   B - +1 cloak
rCorr   +          Rampage  .   e - +0 pair of gloves "Wojis" {Will+}
Will    +++++      NoTele   +   k - +0 pair of boots
Stlth   +++++++++.              I - amulet of Nujish {Reflect *Corrode rN+++ Will+++ Str-2 SH+5}
HPRegen 0.40/turn               n - ring of Spring {Int+6 Dex+3 Slay+6}
MPRegen 0.15/turn               M - +3 ring of slaying

@: on berserk cooldown, slowed, very slow
A: horns 2, retaliatory headbutt, deformed body, frail 1, weak 1, evolution 1
}: 5/17 runes: decaying, serpentine, barnacled, silver, gossamer
a: Renounce Religion, Berserk, Trog's Hand, Brothers in Arms


You were in the Dungeon.
You worshipped Trog.
Trog was exalted by your worship.
You visited 1 branch You collected 1968 gold pieces.
You spent 1554 gold pieces at shops.

Inventory:

Hand Weapons
 w - a +9 executioner's axe of holy wrath
 A - a +9 morningstar of freezing (weapon)
 D - a +6 eveningstar of flaming
Missiles
 j - 2 javelins (quivered)
Armour
 b - the +3 shadow dragon scales of Lethargy (worn) {rElec rCorr Stlth++++}
   (You found it in the Dungeon)

   rElec:     It insulates you from electricity.
   rCorr:     It protects you from acid and corrosion.
   Stlth:     It makes you much more stealthy.
 c - a +3 tower shield of poison resistance (worn)
 e - the +0 pair of gloves "Wojis" (worn) {Will+}
   (You found it in the Dungeon)

   Will:      It increases your willpower.
 k - a +0 pair of boots (worn)
 m - the +2 hood of the Assassin (worn) {Detection Stab+ Stlth++}
   (You found it in the Dungeon)

   It allows the wearer to sense nearby creatures.
   It allows the wearer to make particularly effective stabbing attacks against
   helpless or unaware enemies with any weapon.
   Stlth:     It makes you much more stealthy.
 B - a +1 cloak (worn)
Jewellery
 n - the ring of Spring (left hand) {Int+6 Dex+3 Slay+6}
   (You found it in the Dungeon)

   [ring of intelligence]

   Int:       It affects your intelligence (+6).
   Dex:       It affects your dexterity (+3).
   Slay:      It affects your accuracy & damage with ranged weapons and melee
   (+6).
 v - a ring of see invisible
 y - a ring of protection from cold
 F - a +4 ring of protection
 G - an amulet of regeneration
 H - a +4 ring of protection
 I - the amulet of Nujish (around neck) {Reflect *Corrode rN+++ Will+++ Str-2 SH+5}
   (You found it in the Dungeon)

   [amulet of reflection]

   It reflects blocked missile attacks.
   Str:       It affects your strength (-2).
   rN:        It renders you almost immune to negative energy.
   *Corrode:  It may corrode you when you take damage.
   SH:        It affects your SH (+5).
   Will:      It greatly increases your willpower.
 L - the ring "Coemis" {Ice rN++ Str+2 Int+3 Slay-2}
   (You found it in the Dungeon)

   [ring of ice]

   It enhances your ice magic.
   Str:       It affects your strength (+2).
   Int:       It affects your intelligence (+3).
   Slay:      It affects your accuracy & damage with ranged weapons and melee
   (-2).
   rF:        It makes you vulnerable to fire.
   rC:        It protects you from cold.
   rN:        It greatly protects you from negative energy.
 M - a +3 ring of slaying (right hand)
Wands
 a - a wand of flame (10)
Scrolls
 r - 2 scrolls of fog
 s - 4 scrolls of fear
 t - 9 scrolls of identify
 u - 3 scrolls of blinking
 C - 8 scrolls of enchant armour
Potions
 d - 9 potions of heal wounds
 f - 9 potions of magic
 g - 9 potions of berserk rage
 h - 7 potions of haste
 i - a potion of invisibility
 l - a potion of resistance
 o - 2 potions of might
 p - 3 potions of mutation
 x - a potion of attraction
 O - 4 potions of curing
Miscellaneous
 z - a lightning rod (4/4)


   Skills:
 O Level 27 Fighting
 - Level 1.2(1.4) Short Blades
 - Level 1.2(1.6) Long Blades
 * Level 16.9(23.8) Axes
 O Level 27 Maces & Flails
 - Level 1.2(11.2) Polearms
 - Level 1.2(18.1) Staves
 - Level 1.1(19.5) Slings
 - Level 1.2 Bows
 - Level 1.2 Crossbows
 O Level 27 Throwing
 O Level 27 Armour
 O Level 27 Dodging
 + Level 16.7 Stealth
 O Level 27 Shields
 - Level 1.1 Unarmed Combat
 - Level 1.0 Invocations
 * Level 14.9 Evocations


You had 17 spell levels left.
You didn't know any spells.
Your spell library was empty.

Dungeon Overview and Level Annotations

Branches:
Dungeon (1/1)

Altars:
Cheibriados
Dithmenos
Elyvilon
Fedhas
Gozag
Hepliaklqana
Kikubaaqudgha
Makhleb
Nemelex Xobeh
Okawaru
Qazlal
Ru
Sif Muna
Trog
Uskayaw
Vehumet
Wu Jian
Xom
Yredelemnul
Zin
The Shining One
Beogh
Jiyva
Lugonu

Shops:
D *:[*


Innate Abilities, Weirdness & Mutations

You have a pair of horns on your head.
You reflexively headbutt those who attack you in melee.
Armour fits poorly on your strangely shaped body.
You are frail. (-10% HP)
You are weak. (Str -2)
You have hidden genetic potential.


Message History

You impale the orb of fire!! You freeze the orb of fire.
The orb of fire is moderately damaged.
You miss the orb of fire.
The orb of fire is moderately damaged.
The orb of fire glows bright magenta.
The fireball explodes!
The fireball engulfs you!!!
The fireball engulfs the orb of fire.
The orb of fire completely resists.
You impale the orb of fire!! You freeze the orb of fire.
You headbutt the orb of fire, but do no damage.
The orb of fire is heavily damaged.
You impale the orb of fire!! You freeze the orb of fire.
Your headbutt misses the orb of fire.
The orb of fire is severely damaged.
You are no longer berserk.
You are exhausted.
You feel yourself slow down.
The orb of fire glows red.
The bolt of fire hits you!!!!
Ouch! That really hurt!
* * * LOW HITPOINT WARNING * * *
The storm dragon rages.
You are too injured to fight recklessly!
You are too injured to fight recklessly!
You are too injured to fight recklessly!
You barely miss the orb of fire.
The orb of fire is severely damaged.
The storm dragon rages.
The moth of wrath angrily waves its antennae.
Unknown command.
You barely miss the orb of fire.
The orb of fire is severely damaged.
The orb of fire glows red.
The fireball explodes!
The fireball engulfs you!!!
* * * LOW HITPOINT WARNING * * *
The fireball engulfs the orb of fire.
The orb of fire completely resists.
You puncture the orb of fire!
The orb of fire is severely damaged.
The orb of fire glows bright magenta.
The fireball explodes!
The fireball engulfs you!!!
You die... {{{{{{{{{{{ {{{{{{{{{{{{ ▓▓▓▓▓▓▓▓▓▓▓▓▓▓▓▓▓▓▓▓▓▓▓▓▓▓▓ ....').).....')'@*DyD.X..{* {{{{{

▓▓▓▓▓▓▓▓▓▓▓▓▓▓▓▓▓▓▓▓▓▓▓▓▓▓▓▓▓▓▓▓▓
.................................
▓▓▓▓▓▓▓▓▓▓▓▓▓▓▓▓▓▓▓▓▓▓▓▓▓▓▓▓▓▓▓▓▓
))).......')†)...)')).)...)))))).
▓▓▓▓▓▓▓▓▓▓▓▓▓▓▓▓▓▓▓▓▓▓▓▓▓▓▓▓▓▓▓▓▓
.)...........)...................
▓▓▓▓▓▓▓▓▓▓▓▓▓▓▓▓▓▓▓▓▓▓▓▓▓▓▓▓▓▓▓▓▓
....)).))))...[[[[.[.........!...


You could see an orb of fire, 2 storm dragons, an Orb Guardian and a moth of
wrath.

Vanquished Creatures
  2 ancient liches (D)
  4 orbs of fire (D)
  Mara (D)
  Boris (D)
  Margery (D)
  Frederick (D)
  A Killer Klown (D)
  A curse toe (D)
  2 golden dragons (D)
  Nikola (D)
  A bone dragon (D)
  An electric golem (D)
  3 tentacled monstrosities (D)
  3 liches (D)
  15 Orb Guardians (D)
  A quicksilver dragon (D)
  A sphinx (D)
  3 death cobs (D)
  Frances (D)
  A tengu reaver (D)
  Donald (D)
  Ilsuiw (D)
  5 storm dragons (D)
  6 shadow dragons (D)
  3 nagarajas (D)
  A draconian knight (D)
  5 fire giants (D)
  2 draconian scorchers (D)
  8 vault wardens (D)
  A deep elf sorcerer (D)
  8 emperor scorpions (D)
  Aizul (D)
  2 frost giants (D)
  A spriggan defender (D)
  2 draconian stormcallers (D)
  3 ghost moths (D)
  2 war gargoyles (D)
  2 draconian shifters (D)
  5 ironbound preservers (D)
  2 stone giants (D)
  5 very ugly things (D)
  Nessos (D)
  A deep elf demonologist (D)
  3 green draconians (D)
  3 eleionomae (D)
  4 white draconians (D)
  2 black draconians (D)
  A yellow draconian (D)
  3 purple draconians (D)
  Snorg (D)
  An ettin (D)
  A deep elf death mage (D)
  2 fire dragons (D)
  2 yaktaur captains (D)
  4 merfolk impalers (D)
  A merfolk javelineer (D)
  A great orb of eyes (D)
  A naga warrior (D)
  25 vault guards (D)
  2 rakshasas (D)
  6 ice dragons (D)
  A boulder beetle (D)
  5 hydras (D)
  An ironbound frostheart (D)
  A catoblepas (D)
  A spriggan air mage (D)
  Erica (D)
  An anaconda (D)
  A merfolk avatar (D)
  3 merfolk aquamancers (D)
  2 centaur warriors (D)
  2 deep troll shamans (D)
  A tengu warrior (D)
  A vampire mage (D)
  3 deep troll earth magi (D)
  2 shock serpents (D)
  5 hell knights (D)
  A sea snake (D)
  6 swamp dragons (D)
  A spriggan druid (D)
  A pharaoh ant (D)
  4 glowing orange brains (D)
  3 necromancers (D)
  2 wizards (D)
  A naga ritualist (D)
  An orc knight (D)
  A harpy (D)
  A cyclops (D)
  2 ugly things (D)
  8 orc sorcerers (D)
  A will-o-the-wisp (D)
  5 wolf spiders (D)
  12 moths of wrath (D)
  4 manticores (D)
  4 guardian serpents (D)
  5 naga magi (D)
  A vault sentinel (D)
  A merfolk siren (D)
  3 black mambas (D)
  A torpor snail (D)
  A black mamba (shapeshifter) (D)
  3 cane toads (D)
  5 komodo dragons (D)
  A tengu conjurer (D)
  A troll (D)
  2 merfolk (D)
  3 tyrant leeches (D)
  A bloated husk (D)
  A blink frog (shapeshifter) (D)
  A slime creature (D)
  2 tarantellas (D)
  A wind drake (D)
  3 blink frogs (D)
  A jumping spider (D)
  A culicivora (D)
  A vampire (D)
  A culicivora (shapeshifter) (D)
  3 yaks (D)
  A wraith (D)
  A water elemental (D)
  Eustachio (D)
  2 vampire mosquitoes (D)
  A redback (D)
  A steam dragon (D)
  2 basilisks (D)
  3 nagas (D)
  2 water moccasins (D)
  2 swamp drakes (D)
  12 orc warriors (D)
  2 black bears (D)
  2 centaurs (D)
  5 bullfrogs (D)
  A gnoll sergeant (D)
  A killer bee (D)
  2 orc priests (D)
  An iguana (D)
  6 orc wizards (D)
  An adder simulacrum (D)
  10 orcs (D)
  A goblin (D)
  2 hobgoblins (D)
  A jackal (D)
  A frilled lizard (D)
372 creatures vanquished.

Vanquished Creatures (collateral kills)
  An ironbound preserver (D)
  A merfolk javelineer (D)
  A great orb of eyes (D)
  A merfolk aquamancer (D)
  A lindwurm (D)
  An ironbound convoker (D)
6 creatures vanquished.

Vanquished Creatures (others)
  A swamp dragon (D)
  An orc wizard (D)
  4 foxfires (D)
6 creatures vanquished.

Grand Total: 384 creatures vanquished

Notes
Turn   | Place    | Note
-------+----------+-------------------------------------------
     0 | D        | mhtbhm the Minotaur Berserker began the quest for the Orb.
     0 | D        | Reached XP level 1. HP: 19/19 MP: 0/0
     8 | D        | Reached ** piety under Trog
   152 | D        | Noticed an iguana
   152 | D        | Noticed a centaur
   152 | D        | Noticed a black bear
   155 | D        | Reached XP level 2. HP: 28/28 MP: 1/1
   156 | D        | Reached *** piety under Trog
   157 | D        | Reached XP level 3. HP: 37/37 MP: 2/2
   163 | D        | Killed a centaur
   164 | D        | Reached XP level 4. HP: 48/48 MP: 3/3
   166 | D        | Killed a black bear
   167 | D        | Reached XP level 5. HP: 49/57 MP: 4/4
   260 | D        | Found a snail-covered altar of Cheibriados.
   260 | D        | Found a shadowy altar of Dithmenos.
   260 | D        | Found a white marble altar of Elyvilon.
   260 | D        | Found a blossoming altar of Fedhas.
   260 | D        | Found an opulent altar of Gozag.
   261 | D        | Found a hazy altar of Hepliaklqana.
   262 | D        | Found a viscous altar of Jiyva.
   263 | D        | Found an ancient bone altar of Kikubaaqudgha.
   264 | D        | Found a corrupted altar of Lugonu.
   265 | D        | Found a burning altar of Makhleb.
   266 | D        | Found a sparkling altar of Nemelex Xobeh.
   267 | D        | Found an iron altar of Okawaru.
   268 | D        | Found a stormy altar of Qazlal.
   269 | D        | Found a sacrificial altar of Ru.
   270 | D        | Found a shimmering blue altar of Sif Muna.
   271 | D        | Found a bloodstained altar of Trog.
   272 | D        | Found a hide-covered altar of Uskayaw.
   273 | D        | Found a radiant altar of Vehumet.
   274 | D        | Found an ornate altar of the Wu Jian Council.
   275 | D        | Found a shimmering altar of Xom.
   276 | D        | Found a basalt altar of Yredelemnul.
   277 | D        | Found a glowing silver altar of Zin.
   278 | D        | Found a glowing golden altar of the Shining One.
   334 | D        | Noticed a steam dragon
   334 | D        | Noticed a centaur
   334 | D        | Noticed a yak
   334 | D        | Noticed a troll
   336 | D        | Killed a steam dragon
   337 | D        | Reached skill level 10 in Fighting
   337 | D        | Reached skill level 5 in Armour
   337 | D        | Reached skill level 5 in Dodging
   337 | D        | Reached XP level 6. HP: 67/67 MP: 5/5
   338 | D        | Reached **** piety under Trog
   347 | D        | Killed a yak
   348 | D        | Reached XP level 7. HP: 77/77 MP: 6/6
   352 | D        | Killed a troll
   407 | D        | Noticed a basilisk
   407 | D        | Noticed a rime drake
   407 | D        | Noticed a centaur warrior
   407 | D        | Noticed a vampire
   407 | D        | Noticed a wraith
   407 | D        | Noticed a purple ugly thing
   435 | D        | Noticed a blink frog
   435 | D        | a water moccasin changed into a blink frog
   436 | D        | Killed a basilisk
   436 | D        | Reached ***** piety under Trog
   437 | D        | Reached XP level 8. HP: 86/86 MP: 7/7
   440 | D        | Killed a blink frog
   446 | D        | Killed a centaur warrior
   447 | D        | Reached skill level 15 in Maces & Flails
   450 | D        | Killed a purple ugly thing
   451 | D        | Reached skill level 15 in Fighting
   451 | D        | Reached XP level 9. HP: 97/97 MP: 8/8
   454 | D        | Received a gift from Trog
   703 | D        | Noticed a cane toad
   710 | D        | Noticed a catoblepas
   711 | D        | Noticed a komodo dragon
   713 | D        | Killed a cane toad
   752 | D        | Killed a catoblepas
  1001 | D        | Received a gift from Trog
  1002 | D        | Reached XP level 10. HP: 110/110 MP: 9/9
  1027 | D        | Noticed a cane toad
  1037 | D        | Noticed a black mamba
  1041 | D        | Received a gift from Trog
  1042 | D        | Killed a cane toad
  1048 | D        | Killed a black mamba
  1048 | D        | Reached ****** piety under Trog
  1049 | D        | Reached skill level 10 in Armour
  1166 | D        | Noticed a cane toad
  1167 | D        | Received a gift from Trog
  1178 | D        | Killed a cane toad
  1179 | D        | Reached skill level 1 in Stealth
  1392 | D        | Received a gift from Trog
  1404 | D        | Reached XP level 11. HP: 101/121 MP: 10/10
  1410 | D        | Received a gift from Trog
  1496 | D        | Noticed an orc knight
  1508 | D        | Reached skill level 10 in Dodging
  1508 | D        | Killed an orc knight
  1509 | D        | Noticed an orc sorcerer
  1521 | D        | Received a gift from Trog
  1524 | D        | Killed an orc sorcerer
  1572 | D        | Found Qoffu's Assorted Antiques.
  1572 | D        | Noticed an orc sorcerer
  1574 | D        | Received a gift from Trog
  1578 | D        | Killed an orc sorcerer
  1583 | D        | Found Ygoos's Book Shoppe.
  1583 | D        | Noticed an orc sorcerer
  1585 | D        | Noticed an orc sorcerer
  1589 | D        | Received a gift from Trog
  1591 | D        | Found Giyxovub's Antique Armour Emporium.
  1594 | D        | Killed an orc sorcerer
  1603 | D        | Killed an orc sorcerer
  1604 | D        | Found Eshras's Assorted Antiques.
  1606 | D        | Received a gift from Trog
  1729 | D        | Noticed an orc sorcerer
  1729 | D        | Paralysed by an orc sorcerer for 4 turns
  1731 | D        | Noticed an orc sorcerer
  1733 | D        | Noticed an orc sorcerer
  1734 | D        | Noticed an orc sorcerer
  1737 | D        | Killed an orc sorcerer
  1739 | D        | Killed an orc sorcerer
  1749 | D        | Killed an orc sorcerer
  1751 | D        | Killed an orc sorcerer
  1769 | D        | Bought a pair of runed gloves for 142 gold pieces
  1770 | D        | Bought a brightly glowing scale mail for 171 gold pieces
  1770 | D        | Identified the +5 scale mail "Murucvyo" {rC+} (You bought
                  | it in a shop in the Dungeon)
  1786 | D        | Bought a scroll of blinking for 127 gold pieces
  1786 | D        | Bought a scroll labelled GITYRI DALIC for 17 gold pieces
  1786 | D        | Bought a potion of mutation for 136 gold pieces
  1802 | D        | Bought a citrine-encrusted scale mail for 171 gold pieces
  1802 | D        | Identified the +1 scale mail "Athrokhl Fiesu" {Will+ Dex+2}
                  | (You bought it in a shop in the Dungeon)
  1805 | D        | Bought a potion of invisibility for 184 gold pieces
  1805 | D        | Bought a scroll of fog for 46 gold pieces
  1805 | D        | Bought a coppery potion for 20 gold pieces
  1805 | D        | Bought a scroll of identify for 46 gold pieces
  1808 | D        | Bought a runed plate armour for 494 gold pieces
  1848 | D        | Noticed Erica
  1854 | D        | Killed Erica
  1854 | D        | Received a gift from Trog
  1991 | D        | Noticed a wizard
  1991 | D        | Noticed a tengu warrior
  1992 | D        | Noticed a boulder beetle
  1993 | D        | Noticed a brown ugly thing
  1994 | D        | Killed a wizard
  1999 | D        | Noticed a fire giant
  2044 | D        | Noticed a fire giant
  2045 | D        | Noticed a sphinx
  2048 | D        | Noticed an ice dragon
  2054 | D        | Killed a tengu warrior
  2137 | D        | Killed a boulder beetle
  2139 | D        | Killed a brown ugly thing
  2139 | D        | Identified the +6 glaive of the Valley {vorpal, *Corrode
                  | rPois rF+ Dex+2} (Trog gifted it to you in the Dungeon)
  2139 | D        | Received a gift from Trog
  2140 | D        | Reached XP level 12. HP: 137/137 MP: 11/11
  2140 | D        | Noticed a rakshasa
  2144 | D        | Killed a fire giant
  2146 | D        | Noticed a deep troll shaman
  2148 | D        | Killed a fire giant
  2152 | D        | Killed a sphinx
  2152 | D        | Received a gift from Trog
  2157 | D        | Killed an ice dragon
  2166 | D        | Killed a rakshasa
  2171 | D        | Killed a deep troll shaman
  2580 | D        | Noticed Donald
  2592 | D        | Killed Donald
  2592 | D        | Received a gift from Trog
  2714 | D        | Noticed a six-headed hydra
  2714 | D        | Noticed an eleionoma
  2714 | D        | Noticed an eleionoma
  2714 | D        | Noticed an eleionoma
  2724 | D        | Killed an eleionoma
  2725 | D        | Killed a six-headed hydra
  2726 | D        | Reached skill level 1 in Evocations
  2731 | D        | Killed an eleionoma
  2736 | D        | Killed an eleionoma
  2929 | D        | Received a gift from Trog
  3121 | D        | Noticed a merfolk impaler
  3135 | D        | Reached XP level 13. HP: 152/152 MP: 12/12
  3138 | D        | Killed a merfolk impaler
  3138 | D        | Received a gift from Trog
  3197 | D        | Received a gift from Trog
  3198 | D        | Reached skill level 1 in Shields
  3212 | D        | Received a gift from Trog
  3305 | D        | Received a gift from Trog
  3607 | D        | Noticed Eustachio
  3613 | D        | Killed Eustachio
  3633 | D        | Noticed Frances
  3641 | D        | Killed Frances
  3641 | D        | Received a gift from Trog
  3711 | D        | Noticed a purple very ugly thing
  3711 | D        | Noticed a frost giant
  3716 | D        | Noticed a brown very ugly thing
  3716 | D        | Killed a purple very ugly thing
  3731 | D        | Killed a frost giant
  3738 | D        | Killed a brown very ugly thing
  3738 | D        | Noticed a spriggan defender
  3739 | D        | Reached skill level 27 in Maces & Flails
  3877 | D        | Reached skill level 5 in Shields
  4171 | D        | Reached skill level 15 in Armour
  4209 | D        | Reached skill level 15 in Dodging
  4268 | D        | Received a gift from Trog
  4269 | D        | Reached skill level 27 in Fighting
  4304 | D        | Killed a spriggan defender
  4711 | D        | Received a gift from Trog
  4803 | D        | Noticed a fire dragon
  4811 | D        | Killed a fire dragon
  4852 | D        | Reached XP level 14. HP: 87/168 MP: 13/13
  4906 | D        | Reached skill level 10 in Shields
  5167 | D        | Noticed a red very ugly thing
  5174 | D        | Killed a red very ugly thing
  5177 | D        | Received a gift from Trog
  5190 | D        | Noticed an ironbound preserver
  5190 | D        | Noticed an ironbound preserver
  5190 | D        | Noticed an ironbound preserver
  5191 | D        | Noticed an ironbound preserver
  5201 | D        | Killed an ironbound preserver
  5202 | D        | Killed an ironbound preserver
  5206 | D        | Killed an ironbound preserver
  5206 | D        | Received a gift from Trog
  5219 | D        | Killed an ironbound preserver
  5553 | D        | Noticed an ironbound preserver
  5554 | D        | Noticed an ironbound preserver
  5554 | D        | Noticed a brown very ugly thing
  5560 | D        | Received a gift from Trog
  5561 | D        | Noticed a vault warden
  5566 | D        | Noticed a vault warden
  5568 | D        | Killed an ironbound preserver
  5573 | D        | Killed an ironbound preserver
  5573 | D        | Noticed a vault warden
  5577 | D        | Killed a brown very ugly thing
  5585 | D        | Killed a vault warden
  5590 | D        | Reached skill level 15 in Shields
  5591 | D        | Received a gift from Trog
  5595 | D        | Killed a vault warden
  5603 | D        | Killed a vault warden
  6035 | D        | Noticed Nessos
  6045 | D        | Killed Nessos
  6203 | D        | Found the +2 hood of the Assassin {Detection Stab+ Stlth++}
  6208 | D        | Got the +0 pair of gloves "Wojis" {Will+}
  6415 | D        | Noticed Ilsuiw
  6448 | D        | Killed Ilsuiw
  6448 | D        | Received a gift from Trog
  6458 | D        | Received a gift from Trog
  6459 | D        | Reached skill level 5 in Evocations
  6674 | D        | Received a gift from Trog
  6707 | D        | Got a barnacled rune of Zot
  6735 | D        | Received a gift from Trog
  6746 | D        | Reached XP level 15. HP: 162/174 MP: 14/14
  6756 | D        | Received a gift from Trog
  6767 | D        | Got a decaying rune of Zot
  6871 | D        | Noticed an emperor scorpion
  6871 | D        | Noticed an emperor scorpion
  6871 | D        | Noticed an emperor scorpion
  6884 | D        | Noticed an emperor scorpion
  6888 | D        | Killed an emperor scorpion
  6894 | D        | Noticed an emperor scorpion
  6895 | D        | Killed an emperor scorpion
  6903 | D        | Killed an emperor scorpion
  6903 | D        | Received a gift from Trog
  6917 | D        | Killed an emperor scorpion
  6924 | D        | Killed an emperor scorpion
  7002 | D        | Noticed an emperor scorpion
  7014 | D        | Killed an emperor scorpion
  7019 | D        | Got a gossamer rune of Zot
  7028 | D        | Noticed a nagaraja
  7039 | D        | Received a gift from Trog
  7040 | D        | Noticed a nagaraja
  7041 | D        | Killed a nagaraja
  7044 | D        | Noticed a nagaraja
  7056 | D        | Killed a nagaraja
  7056 | D        | Received a gift from Trog
  7063 | D        | Killed a nagaraja
  7063 | D        | Received a gift from Trog
  7068 | D        | Got a serpentine rune of Zot
  7149 | D        | Noticed Boris
  7163 | D        | Killed Boris
  7214 | D        | Noticed Snorg
  7223 | D        | Killed Snorg
  7243 | D        | Received a gift from Trog
  7289 | D        | Received a gift from Trog
  7329 | D        | Received a gift from Trog
  7432 | D        | Received a gift from Trog
  7454 | D        | Reached skill level 27 in Shields
  7477 | D        | Noticed a vault warden
  7477 | D        | Noticed a deep elf sorcerer
  7477 | D        | Noticed a frost giant
  7477 | D        | Noticed a vault warden
  7484 | D        | Killed a vault warden
  7484 | D        | Received a gift from Trog
  7488 | D        | Noticed a vault warden
  7489 | D        | Killed a deep elf sorcerer
  7490 | D        | Reached XP level 16. HP: 183/183 MP: 15/15
  7493 | D        | Received a gift from Trog
  7494 | D        | Reached skill level 1 in Throwing
  7497 | D        | Noticed a shadow dragon
  7529 | D        | Noticed a shadow dragon
  7542 | D        | Received a gift from Trog
  7604 | D        | Killed a shadow dragon
  7614 | D        | Killed a shadow dragon
  7624 | D        | Received a gift from Trog
  7637 | D        | Noticed a tengu reaver
  7651 | D        | Killed a tengu reaver
  7831 | D        | Noticed a shadow dragon
  7831 | D        | Noticed a lich
  7831 | D        | Noticed a shadow dragon
  7835 | D        | Received a gift from Trog
  7836 | D        | Noticed a shadow dragon
  7840 | D        | Killed a shadow dragon
  7841 | D        | Noticed a shadow dragon
  7846 | D        | Noticed a lich
  7850 | D        | Killed a lich
  8110 | D        | Killed a shadow dragon
  8110 | D        | Received a gift from Trog
  8116 | D        | Killed a shadow dragon
  8311 | D        | Killed a shadow dragon
  8337 | D        | Identified the +3 chain mail "Suidewny" {Rampage rF+ rCorr}
  8337 | D        | Killed a lich
  8338 | D        | Reached skill level 27 in Dodging
  8341 | D        | Got a silver rune of Zot
  8342 | D        | Identified the ring of Spring {Int+6 Dex+3 Slay+6}
  8428 | D        | Noticed Aizul
  8429 | D        | Noticed Nikola
  8436 | D        | Killed Aizul
  8441 | D        | Killed Nikola
  8441 | D        | Received a gift from Trog
  8577 | D        | Noticed Margery
  8587 | D        | Killed Margery
  8587 | D        | Received a gift from Trog
  8601 | D        | Received a gift from Trog
  8680 | D        | Got the amulet of Nujish {Reflect *Corrode rN+++ Will+++
                  | Str-2 SH+5}
  8682 | D        | Got the ring of Maoptaol {Will- rCorr EV+3 Str+5}
  8687 | D        | Reached skill level 5 in Throwing
  8687 | D        | Reached skill level 27 in Armour
  8688 | D        | Got the ring of Limitation {rElec rCorr Str-4 Int+4 Dex+5}
  8690 | D        | Got the ring "Coemis" {Ice rN++ Str+2 Int+3 Slay-2}
  8776 | D        | Got the +3 shadow dragon scales of Lethargy {rElec rCorr
                  | Stlth++++}
  8824 | D        | Got the +2 swamp dragon scales of Dyspraxia {rElec rPois
                  | rN++}
  9007 | D        | Noticed Mara
  9015 | D        | Noticed mhtbhm's illusion
  9034 | D        | Killed Mara
  9176 | D        | Noticed Frederick
  9186 | D        | Killed Frederick
  9385 | D        | Noticed a tentacled monstrosity
  9387 | D        | Received a gift from Trog
  9388 | D        | Noticed a lich
  9393 | D        | Killed a tentacled monstrosity
  9402 | D        | Received a gift from Trog
  9410 | D        | Killed a lich
  9411 | D        | Reached skill level 15 in Throwing
  9497 | D        | Noticed a bone dragon
  9497 | D        | Noticed a storm dragon
  9497 | D        | Noticed a storm dragon
  9499 | D        | Killed a bone dragon
  9506 | D        | Killed a storm dragon
  9510 | D        | Killed a storm dragon
  9511 | D        | Reached XP level 17. HP: 191/191 MP: 16/16
  9516 | D        | Received a gift from Trog
  9549 | D        | Received a gift from Trog
  9657 | D        | Noticed a golden dragon
  9657 | D        | Noticed a tentacled monstrosity
  9680 | D        | Killed a golden dragon
  9688 | D        | Killed a tentacled monstrosity
  9758 | D        | Received a gift from Trog
  9824 | D        | Noticed a golden dragon
  9824 | D        | Noticed a quicksilver dragon
  9826 | D        | Killed a golden dragon
  9832 | D        | Received a gift from Trog
  9836 | D        | Killed a quicksilver dragon
  9859 | D        | Received a gift from Trog
  9913 | D        | Noticed a Killer Klown
  9914 | D        | Noticed a tentacled monstrosity
  9925 | D        | Killed a Killer Klown
  9939 | D        | Received a gift from Trog
  9945 | D        | Killed a tentacled monstrosity
  9948 | D        | Reached skill level 27 in Throwing
  9955 | D        | Reached skill level 1 in Short Blades
  9955 | D        | Reached skill level 1 in Long Blades
  9955 | D        | Reached skill level 1 in Axes
  9955 | D        | Reached skill level 1 in Polearms
  9955 | D        | Reached skill level 1 in Staves
  9955 | D        | Reached skill level 1 in Slings
  9955 | D        | Reached skill level 1 in Bows
  9955 | D        | Reached skill level 1 in Crossbows
  9955 | D        | Reached skill level 1 in Unarmed Combat
  9957 | D        | Reached skill level 1 in Invocations
 10125 | D        | Noticed an Orb Guardian
 10125 | D        | Noticed an Orb Guardian
 10125 | D        | Noticed an Orb Guardian
 10125 | D        | Noticed an Orb Guardian
 10125 | D        | Noticed an Orb Guardian
 10125 | D        | Noticed an Orb Guardian
 10126 | D        | Noticed an Orb Guardian
 10127 | D        | Killed an Orb Guardian
 10128 | D        | Noticed an Orb Guardian
 10136 | D        | Killed an Orb Guardian
 10139 | D        | Killed an Orb Guardian
 10140 | D        | Reached skill level 5 in Axes
 10145 | D        | Killed an Orb Guardian
 10146 | D        | Reached skill level 5 in Stealth
 10154 | D        | Killed an Orb Guardian
 10154 | D        | Received a gift from Trog
 10157 | D        | Killed an Orb Guardian
 10162 | D        | Killed an Orb Guardian
 10166 | D        | Killed an Orb Guardian
 10167 | D        | Noticed an Orb Guardian
 10170 | D        | Noticed an Orb Guardian
 10176 | D        | Killed an Orb Guardian
 10177 | D        | Reached skill level 10 in Evocations
 10181 | D        | Killed an Orb Guardian
 10268 | D        | Noticed a curse toe
 10268 | D        | Noticed an Orb Guardian
 10268 | D        | Noticed an Orb Guardian
 10269 | D        | Noticed an Orb Guardian
 10270 | D        | Killed a curse toe
 10271 | D        | Reached skill level 10 in Axes
 10271 | D        | Noticed an Orb Guardian
 10277 | D        | Killed an Orb Guardian
 10277 | D        | Identified the +6 falchion of Atheism {vorpal, Str+2 SInv}
                  | (Trog gifted it to you in the Dungeon)
 10277 | D        | Received a gift from Trog
 10278 | D        | Reached skill level 10 in Stealth
 10283 | D        | Killed an Orb Guardian
 10290 | D        | Reached XP level 18. HP: 200/200 MP: 17/17
 10297 | D        | Killed an Orb Guardian
 10302 | D        | Killed an Orb Guardian
 10326 | D        | Noticed an ancient lich
 10334 | D        | Killed an ancient lich
 10334 | D        | Received a gift from Trog
 10336 | D        | Noticed an orb of fire
 10340 | D        | Killed an orb of fire
 10342 | D        | Noticed an electric golem
 10344 | D        | Killed an electric golem
 10346 | D        | Noticed an Orb Guardian
 10346 | D        | Noticed an orb of fire
 10346 | D        | Noticed an orb of fire
 10362 | D        | Killed an Orb Guardian
 10528 | D        | Noticed an orb of fire
 10531 | D        | Gained mutation: Your body sometimes deteriorates upon
                  | taking damage. [an orb of fire]
 10534 | D        | Killed an orb of fire
 10535 | D        | Reached skill level 15 in Axes
 10542 | D        | Killed an orb of fire
 10542 | D        | Received a gift from Trog
 10542 | D        | Noticed an ancient lich
 10543 | D        | Reached skill level 15 in Stealth
 10544 | D        | Noticed an Orb Guardian
 10548 | D        | Gained mutation: You tend to lose your temper in combat.
                  | [an orb of fire]
 10550 | D        | Gained mutation: You occasionally shout uncontrollably at
                  | your foes. [an orb of fire]
 10551 | D        | Noticed an orb of fire
 10959 | D        | Lost mutation: You tend to lose your temper in combat.
                  | [potion of mutation]
 10959 | D        | Lost mutation: You occasionally shout uncontrollably at
                  | your foes. [potion of mutation]
 10959 | D        | Gained mutation: You have a somewhat thin skeletal
                  | structure. (Dex +2, Stealth+) [potion of mutation]
 10959 | D        | Gained mutation: Armour fits poorly on your strangely
                  | shaped body. [potion of mutation]
 10959 | D        | Gained mutation: You have very sharp teeth. [potion of
                  | mutation]
 10960 | D        | Lost mutation: You have a somewhat thin skeletal structure.
                  | (Dex +2, Stealth+) [potion of mutation]
 10960 | D        | Lost mutation: Your body sometimes deteriorates upon taking
                  | damage. [potion of mutation]
 10960 | D        | Lost mutation: You have very sharp teeth. [potion of
                  | mutation]
 10960 | D        | Gained mutation: You are weak. (Str -2) [potion of
                  | mutation]
 10960 | D        | Gained mutation: You have hidden genetic potential. [potion
                  | of mutation]
 10965 | D        | Gained mutation: You are frail. (-10% HP) [an orb of fire]
 10970 | D        | Killed an orb of fire
 10977 | D        | Killed an ancient lich
 10985 | D        | HP: 7/180 [orb of fire/fireball (44)]
 10986 | D        | Killed from afar by an orb of fire

Illustrated notes

Levels and vault maps discovered:
D:        linesprint [early_d, line_temple, items_1, d_10, items_2, lair_1,
          lair_end, items_3, orc_1, orc_end, items_4, d_15, swamp_1, shoals_1,
          snake_1, spider_1, d_20, vaults_1, items_5, swamp_end, shoals_end,
          snake_end, spider_end, vaults_end, d_27, items_6, zot_1, zot_end,
          crypt_end, forest_end, elf_end, slime_end, tomb_end, abyss_end,
          pan_hell_end]

Skill      XL: |  1  2  3  4  5  6  7  8  9 10 11 12 13 14 15 16 17 18 |
---------------+-------------------------------------------------------+-----
Fighting       | 4 6 7 9 10 12 13 15 16 18 21 24 27 | 27.0
Maces & Flails | 4 6 8 9 11 12 14 16 18 21 23 25 27 | 27.0
Armour         | 3 4 5 6 7 8 10 11 13 15 18 21 27 | 27.0
Dodging        | 3 4 5 6 7 8 9 11 13 15 19 23 27 | 27.0
Stealth        | 1 10 16 | 16.7
Evocations     | 1 2 6 7 11 14 | 14.9
Shields        | 9 19 27 | 27.0
Throwing       | 17 27 | 27.0
Short Blades   | 1 |  1.2
Long Blades    | 1 |  1.2
Axes           | 11 16 | 16.9
Polearms       | 1 |  1.2
Staves         | 1 |  1.2
Slings         | 1 |  1.1
Bows           | 1 |  1.2
Crossbows      | 1 |  1.2
Unarmed Combat | 1 |  1.1
Invocations    | 1 |  1.0

Action                   |  1- 3 |  4- 6 |  7- 9 | 10-12 | 13-15 | 16-18 || total
-------------------------+-------+-------+-------+-------+-------+-------++-------
Melee: Mace              |    17 |     3 |       |       |       |       ||    20
       Dire flail        |       |    10 |    26 |       |       |       ||    36
       Headbutt          |       |     1 |    14 |    39 |   146 |   130 ||   330
       Great mace        |       |       |    21 |   176 |       |       ||   197
       Morningstar       |       |       |       |    43 |   601 |   513 ||  1157
Throw: Javelin           |       |       |       |       |     2 |       ||     2
Invok: Berserk           |     1 |     1 |     2 |     7 |     9 |    15 ||    35
       Brothers in Arms  |       |       |     1 |     1 |     3 |     2 ||     7
       Trog's Hand       |       |       |       |       |       |     1 ||     1
Evoke: Wand              |       |       |       |     2 |    10 |       ||    12
  Use: Scroll            |       |       |     3 |     2 |     2 |    12 ||    19
       Potion            |       |       |     2 |     1 |     7 |     4 ||    14
 Stab: Confused          |       |       |       |       |     1 |     4 ||     5
       Sleeping          |       |       |       |       |       |     8 ||     8
Armor: Animal skin       |     1 |     1 |       |       |       |       ||     2
       Ring mail         |       |     3 |    19 |    20 |       |       ||    42
       Scale mail        |       |       |       |    41 |   200 |    28 ||   269
       Shadow dragon sca |       |       |       |       |       |    43 ||    43
       Chain mail        |       |       |       |       |       |     5 ||     5
Dodge: Dodged            |     5 |     6 |    18 |    88 |   223 |   126 ||   466
Block: Kite shield       |       |       |       |     3 |   289 |    86 ||   378
       Reflection        |       |       |       |       |     9 |       ||     9
       Tower shield      |       |       |       |       |       |   213 ||   213

Table legend: (Time is in decaauts) A = Elapsed time spent in this place. B = Non-inter-level travel time spent in this place. C = Inter-level travel time spent in this place. D = Time resting spent in this place. E = Time spent auto-exploring this place. F = Levels seen in this place. G = Mean time per level. A B C D E F G +--------+--------+--------+--------+--------+-----+--------+ Total | 10840 | 10840 | 0 | 5766 | 1314 | 1 | 10840.0 | Dungeon | 10840 | 10840 | 0 | 5766 | 1314 | 1 | 10840.0 | +--------+--------+--------+--------+--------+-----+--------+

Top non-repeatable levels by time:
       D: 10840 daAuts
